 Dungeon Crawl Stone Soup version 0.31-a0-246-g8cbcc1cb85 (webtiles) character file.

Game seed: 9978462229853496018

179 qw the Shooter (level 5, -2/45 HPs)
             Began as a Minotaur Hexslinger on July 12, 2023.
             Slain by Ijyb
             ... wielding a +0 club
              (6 damage)
             ... on level 4 of the Dungeon.
             The game lasted 00:01:13 (3063 turns).

qw the Shooter (Minotaur Hexslinger)                Turns: 3063, Time: 00:01:14

Health: -2/45      AC:  5    Str: 12    XL:     5   Next: 32%
Magic:  5/5        EV: 12    Int: 12    God:
Gold:   119        SH:  0    Dex: 15    Spells: 5/6 levels left

rFire   . . .        Y - +1 sling
rCold   . . .        (no shield)
rNeg    . . .        c - +2 leather armour of the Barber Surgeon {rElec Will+ Int+2}
rPois   +            (helmet restricted)
rElec   +            (no cloak)
rCorr   .            (no gloves)
SInv    .            (no boots)
Will    +....        (no amulet)
Stlth   +            f - ring of poison resistance
HPRegen 0.27/turn    (no ring)
MPRegen 0.09/turn

%: no passive effects
@: no status effects
A: horns 2, retaliatory headbutt
a: no special abilities


You were on level 4 of the Dungeon.
You visited 1 branch of the dungeon, and saw 4 of its levels.

You collected 119 gold pieces.


Innate Abilities, Weirdness & Mutations

You have a pair of horns on your head.
You reflexively headbutt those who attack you in melee.


   Skills:
 - Level 3.0 Fighting
 + Level 5.4 Ranged Weapons
 - Level 1.0 Armour
 - Level 2.1 Dodging
 - Level 1.0 Spellcasting
 - Level 2.0 Hexes


You had 5 spell levels left.
You knew the following spells:

 Your Spells              Type           Power      Damage    Failure   Level
a - Slow                  Hex            20%        N/A       17%         1

Your spell library contained the following spells:

 Spells                   Type           Power      Damage    Failure   Level
 Inner Flame              Hex/Fire       3%         N/A       58%         3
 Portal Projectile        Hex/Tloc       6%         N/A       58%         3
 Cause Fear               Hex            2%         N/A       86%         4

Inventory:

Hand Weapons
 Y - a +1 sling (weapon)
Armour
 c - the +2 leather armour of the Barber Surgeon (worn) {rElec Will+ Int+2}
   (You found it on level 3 of the Dungeon)

   Int:       It affects your intelligence (+2).
   rElec:     It insulates you from electricity.
   Will:      It increases your willpower.
Jewellery
 f - a ring of poison resistance (left hand)
Potions
 a - a potion of haste {unknown}
 b - a potion of curing

Dungeon Overview and Level Annotations

Branches:
Dungeon (4/15)
 Temple: D:4-7

Altars:
Makhleb
Yredelemnul

Annotations:
D:2 1 runed translucent door, Crazy Yiuf
D:4 Ijyb


Message History

The sling bullet hits Ijyb but does no damage.
Ijyb is moderately wounded.
Ijyb misses you. You furiously retaliate!
You headbutt Ijyb. You shoot a sling bullet.
The sling bullet barely misses Ijyb.
Ijyb zaps a wand.
The puff of flame misses you.
You shoot a sling bullet. The sling bullet barely misses Ijyb.
Ijyb hits you with a +0 club.
You shoot a sling bullet. The sling bullet closely misses Ijyb.
Ijyb hits you but does no damage.
You shoot a sling bullet. The sling bullet hits Ijyb.
Ijyb is heavily wounded.
Ijyb hits you with a +0 club. Ijyb barely misses you.
You shoot a sling bullet. The sling bullet hits Ijyb.
Ijyb is heavily wounded.
Ijyb zaps a wand.
The puff of flame misses you.
You shoot a sling bullet. The sling bullet hits Ijyb.
Ijyb is heavily wounded.
Ijyb misses you.
You shoot a sling bullet. The sling bullet closely misses Ijyb.
Ijyb hits you with a +0 club.
You shoot a sling bullet.
The sling bullet hits Ijyb but does no damage.
Ijyb is heavily wounded.
Ijyb hits you with a +0 club.
You shoot a sling bullet. The sling bullet hits Ijyb.
Ijyb is severely wounded.
Ijyb hits you but does no damage.
You shoot a sling bullet.
The sling bullet hits Ijyb but does no damage.
Ijyb is severely wounded.
Ijyb zaps a wand.
The puff of flame hits you.
Ijyb zaps a wand.
The puff of flame hits you.
You shoot a sling bullet. The sling bullet hits Ijyb.
Ijyb is almost dead.
Ijyb hits you but does no damage.
You shoot a sling bullet.
The sling bullet hits Ijyb but does no damage.
Ijyb is almost dead.
Ijyb hits you with a +0 club.
You die...

# ### # ### ###. #.# .#
#.## ..###.# ..# ##.##
#.##..# #..# ....##
#.#...#####...#
.....###......##....##
##....##%......#@g...#
.##......<...........#
..............####......
......##......# ##....
......##......# ...
......#.......# ..
..............# .
.......###....# .....##
##...#


You could see Ijyb.

Vanquished Creatures
  7 adders
  3 gnolls (D:2)
  2 worms
  3 dart slugs
  An orc (D:3)
  4 ball pythons
  11 endoplasms
  5 giant cockroaches
  8 hobgoblins
  12 kobolds
  4 quokkas (D:1)
  3 bats
  4 frilled lizards
  4 goblins
  5 rats
76 creatures vanquished.

Notes
Turn   | Place    | Note
-------+----------+-------------------------------------------
     0 | D:1      | qw the Minotaur Hexslinger began the quest for the Orb.
     0 | D:1      | Reached XP level 1. HP: 16/16 MP: 1/1
     0 | D:1      | 0 ||| qw: Version: 0.3-a-52-g30416fa
     0 | D:1      | 0 ||| qw: Game counter: 6299
     0 | D:1      | 0 ||| qw: Melee chars always use a shield: true
     0 | D:1      | 0 ||| qw: God list: Okawaru
     0 | D:1      | 0 ||| qw: Allow faded altars: false
     0 | D:1      | 0 ||| qw: Do Orc after clearing Dungeon:15 true
     0 | D:1      | 0 ||| qw: Do second Lair branch before Depths: true
     0 | D:1      | 0 ||| qw: Lair rune preference: random
     0 | D:1      | 0 ||| qw: Goals: Normal
     0 | D:1      | 0 ||| PLANNING D:1-11
    83 | D:1      | Reached skill level 3 in Ranged Weapons
    91 | D:1      | Reached XP level 2. HP: 9/23 MP: 2/2
   305 | D:1      | Found a faded altar of an unknown god.
   498 | D:1      | Reached XP level 3. HP: 29/29 MP: 3/3
   759 | D:1      | Reached skill level 4 in Ranged Weapons
   940 | D:1      | 940 ||| UPGRADING to ring of poison resistance.
   941 | D:1      | 941 ||| READING scroll labelled PEOGIY DA SOE.
   942 | D:1      | 942 ||| READING scroll labelled KASSU HOEPT.
  1043 | D:1      | 1043 ||| READING 2 scrolls labelled HOITIG ZAOTTA.
  1044 | D:1      | 1044 ||| DROPPING scroll of poison.
  1045 | D:1      | 1045 ||| DROPPING scroll of fear.
  1462 | D:2      | Reached XP level 4. HP: 36/36 MP: 4/4
  1485 | D:2      | HP: 7/36 [gnoll/+0 flail (8)]
  1618 | D:2      | Reached skill level 5 in Ranged Weapons
  1636 | D:2      | 1636 ||| FLEEEEING.
  1637 | D:2      | 1637 ||| FLEEEEING.
  1918 | D:2      | Found a runed translucent door.
  1919 | D:2      | Noticed Crazy Yiuf
  2023 | D:2      | 2023 ||| UPGRADING to +0 ring mail.
  2033 | D:2      | 2033 ||| DROPPING +0 robe.
  2034 | D:2      | 2034 ||| READING scroll labelled MOEFAC CEBIA.
  2035 | D:2      | 2035 ||| READING scroll labelled RICUINAN LOUMU.
  2077 | D:2      | 2077 ||| DRINKING 2 inky potions.
  2109 | D:3      | 2109 ||| STAIRDANCE
  2113 | D:2      | Reached skill level 1 in Armour
  2261 | D:3      | Reached skill level 3 in Fighting
  2261 | D:3      | Reached XP level 5. HP: 43/45 MP: 5/5
  2397 | D:3      | Identified the +2 leather armour of the Barber Surgeon
                  | {rElec Will+ Int+2}
  2491 | D:3      | Found a burning altar of Makhleb.
  2900 | D:3      | 2900 ||| UPGRADING to +2 leather armour of the Barber
                  | Surgeon {rElec Will+ Int+2}.
  2910 | D:3      | 2910 ||| DROPPING +0 ring mail.
  2911 | D:3      | 2911 ||| READING scroll labelled SIME KOCEBATH.
  2956 | D:4      | Found a basalt altar of Yredelemnul.
  3032 | D:4      | Noticed Ijyb
  3058 | D:4      | HP: 9/45 [Ijyb/+0 club (4)]
  3061 | D:4      | HP: 4/45 [Ijyb/puff of flame (3)]
  3063 | D:4      | Slain by Ijyb

Levels and vault maps discovered:
D:1:      dpeg_arrival_more_subterranean_lakeside_camping, layout_loops_cross,
          shapermc_ecumenical_altar_acropolis, minmay_misc_feat_doors,
          minmay_tall_x
D:2:      layout_basic, st_stairs_13, uniq_crazy_yiuf_cottage
D:3:      layout_loops_cross, overflow_temple_1_default,
          chequers_serial_rivers_micro_a, grunt_decor_fettered
D:4:      layout_layer_cave, mainiacjoe_overflow_alcove_2, trog_wizard,
          uniq_ijyb

Skill      XL: |  1  2  3  4 |
---------------+-------------+-----
Ranged Weapons | 3 4 5 |  5.4
Fighting       | 2 3 |  3.0
Armour         | 1 |  1.0
Dodging        | |  2.1
Spellcasting   | |  1.0
Hexes          | |  2.0

Action                     |  1- 3 |  4- 6 || total
---------------------------+-------+-------++-------
   Fire: Sling             |   164 |   142 ||   306
    Use: Scroll            |     3 |     3 ||     6
         Potion            |       |     1 ||     1
 Armour: Robe              |    12 |     5 ||    17
         Ring mail         |       |    11 ||    11
         Leather armour    |       |     6 ||     6
  Dodge: Dodged            |    48 |    41 ||    89

Table legend:
 A = Non-vault XP
 B = Vault XP
 C = Vault XP percentage of total XP
 D = Non-vault monster count
 E = Vault monster count
 F = Vault count percentage of total count
                 A         B        C        D         E       F
            +---------+---------+-------+---------+---------+-------
      Total |     234 |      22 |   8.6 |      70 |       6 |   7.9
            +---------+---------+-------+---------+---------+-------
        D:1 |      60 |       7 |  10.4 |      33 |       4 |  10.8
        D:2 |      99 |      15 |  13.2 |      21 |       2 |   8.7
        D:3 |      45 |       0 |   0.0 |      12 |       0 |   0.0
        D:4 |      30 |       0 |   0.0 |       4 |       0 |   0.0
            +---------+---------+-------+---------+---------+-------
